 Dungeon Crawl Stone Soup version 0.19-b1-4-gd8a0a2a (webtiles) character file.

6669 Gargoyl the Envoy of Void (level 10, -16/114 HPs)
             Began as a Demonspawn Abyssal Knight on Oct 31, 2016.
             Was a High Priest of Lugonu.
             Killed from afar by a deep elf mage (22 damage)
             ... with a shard of ice
             ... in a bailey.
             The game lasted 00:16:36 (9475 turns).

Gargoyl the Envoy of Void (DsAK)                    Turns: 9475, Time: 00:16:36

Health: -16/114    AC: 25    Str: 15    XL:     10   Next: 73%
Magic:  16/16      EV:  2    Int: 13    God:    Lugonu [*****.]
Gold:   549        SH:  4    Dex: 19    Spells: 0 memorised, 9 levels left

rFire  . . .     SeeInvis .     a - +0 broad axe
rCold  + . .     Gourm    .     (armour currently unavailable)
rNeg   + + +     Faith    .     r - +0 buckler
rPois  +         Spirit   .     (helmet currently unavailable)
rElec  .         Reflect  .     (cloak currently unavailable)
rCorr  .         Harm     .     (gloves currently unavailable)
MR     .....     NoTele   +     (boots currently unavailable)
Stlth  +++.......               (no amulet)
                                y - +3 ring of evasion
                                n - ring of protection from cold

@: agile, tree-form, drained
A: powered by death 2, (spiny 0), (sturdy frame 0)
a: Depart the Abyss, Bend Space, Banish, Corrupt, Enter the Abyss, Renounce
Religion


You were in a bailey.
You worshipped Lugonu.
Lugonu was extremely pleased with you.
You were not hungry.
You were a tree.
You visited 1 branch of the dungeon, and saw 9 of its levels.
You visited the Abyss 1 time.
You also visited: Bailey.

You collected 549 gold pieces.

Inventory:

Hand Weapons
 a - a +0 broad axe (weapon)
 o - a +0 war axe
Missiles
 b - 7 tomahawks (quivered)
Armour
 d - a +0 helmet (melded)
 e - a +2 pair of boots (melded)
 r - a +0 buckler (worn)
 B - a +1 cloak (melded)
 D - a +0 plate armour (melded)
Jewellery
 n - a ring of protection from cold (left branch)
 y - a +3 ring of evasion (right branch)
Wands
 j - a wand of random effects (13/48)
 m - a wand of digging (5/24)
 s - a wand of lightning (5/15)
 x - a wand of iceblast (8/15)
 A - a wand of teleportation (9/9)
 C - a wand of polymorph (11/24)
Scrolls
 g - 2 scrolls of teleportation
 i - 5 scrolls of identify
 k - a scroll of amnesia
 q - a scroll of magic mapping
 t - a scroll of recharging
 u - 4 scrolls of remove curse
Comestibles
 c - 8 bread rations
 f - 9 slices of pizza
 h - 4 fruits
 p - 3 meat rations
 w - a chunk of flesh
 z - a royal jelly
 F - 4 beef jerkies


   Skills:
 + Level 6.2(5.5) Fighting
 + Level 9.0(8.2) Axes
 + Level 0.6(0.0) Throwing
 * Level 8.3(7.5) Armour
 + Level 4.3(3.6) Dodging
 + Level 1.1(0.5) Shields
 * Level 9.1(8.3) Invocations


You had 9 spell levels left.
You didn't know any spells.

Dungeon Overview and Level Annotations

Branches:
Dungeon (9/15)             Temple (0/1) D:4
   Lair: D:8-11         Orc: D:9-12

Altars:
Dithmenos
Gozag
Hepliaklqana
Okawaru
Sif Muna
Trog
Yredelemnul
Zin


Innate Abilities, Weirdness & Mutations

You regenerate health from kills.
((You are partially covered in sharp spines.))
((Your movements are slightly less encumbered by armour. (ER -2)))


Message History

You feel strangely unstable.
You aren't carrying any potions.
Zapping:
m - a wand of digging (will waste charges)
Press: ? - help, Shift-Dir - straight line
Okay, then.
Okay, then.
Unknown command.
Zapping:
C - a wand of polymorph (will waste charges)
Press: ? - help, Shift-Dir - straight line, f - you Really target yourself?
You turn into a tree.
Your +1 cloak melds into your body.
Your +0 helmet melds into your body.
Your +2 pair of boots melds into your body.
Your +0 plate armour melds into your body.
Your roots penetrate the ground.
You feel strangely stable.
Evoking this partially-identified wand wasted a few charges.
The deep elf mage casts a spell at you.
Helpless, you fail to dodge the shard of ice.
You partially resist.
You die...

#####
######...##
##..##..∩..#
#....#.....#
#....##...##
e..#
##.)##'######..#
###...###♣..##
#.....#.....#
#..∩..#...e.#
#.....#.e...#
##....#e...##
#####'#####
##E.e.#....#
#.eeY.#.eY..#
#..4..#.....#


You could see 3 deep elf magi.

Vanquished Creatures
  Pikel (D:6)
  A hill giant (D:8)
  A deep elf mage (Bailey)
  2 centaur zombies
  Joseph (D:7)
  Grinder (D:4)
  A yak (D:7)
  A steam dragon (D:8)
  3 hogs (D:7)
  A human (D:7)
  A hungry ghost (D:9)
  The ghost of harcile the Firebug, an amateur HuFE (D:4)
  Edmund (D:4)
  An orc warrior (D:9)
  A black bear (D:7)
  3 ogres
  5 phantoms
  4 centaurs
  The ghost of TugoseryaHuesosov the Bolt Thrower, an amateur KoHu (D:3)
  2 bullfrogs
  2 big kobolds
  3 scorpions
  4 wights (D:6)
  4 howler monkeys
  A bullfrog zombie (D:7)
  2 jellies
  8 crimson imps
  A quasit (D:8)
  3 orc wizards
  An orc priest (D:5)
  A centaur skeleton (D:4)
  An iguana (D:9)
  4 worker ants
  A hound zombie (D:8)
  A howler monkey zombie (D:7)
  A worker ant zombie (D:6)
  7 adders
  4 gnolls (D:5)
  3 shadow imps
  An ooze (D:3)
  An adder zombie (D:7)
  3 adder skeletons
  2 worms
  4 dart slugs
  4 leopard geckos
  30 orcs
  7 bats
  7 giant cockroaches
  9 goblins
  9 hobgoblins
  20 kobolds
  4 quokkas
  A ball python (D:3)
  4 frilled lizards
  A jackal zombie (D:7)
  A quokka skeleton (D:6)
  7 rats
200 creatures vanquished.

Vanquished Creatures (others)
  A hydra (D:9)
1 creature vanquished.

Grand Total: 201 creatures vanquished

Notes
Turn   | Place    | Note
-------+----------+-------------------------------------------
     0 | Abyss:1  | Gargoyl the Demonspawn Abyssal Knight began the quest for the Orb.
     0 | Abyss:1  | Reached XP level 1. HP: 18/18 MP: 2/2
    48 | Abyss:2  | Found a corrupted altar of Lugonu.
    54 | Abyss:2  | Noticed a worldbinder
    56 | Abyss:2  | Noticed a deep elf mage
    70 | Abyss:2  | Noticed a deep elf knight
    70 | Abyss:2  | Noticed a deep elf knight
    70 | Abyss:2  | Noticed a deep elf archer
    80 | Abyss:2  | Noticed a deep elf mage
    80 | Abyss:2  | Noticed a deep elf mage
    85 | Abyss:2  | Noticed a deep elf mage
    85 | Abyss:2  | Noticed a deep elf mage
    89 | Abyss:2  | Noticed a deep elf mage
    89 | Abyss:2  | Noticed a deep elf mage
    93 | D:1      | Escaped the Abyss
   539 | D:1      | Reached * piety under Lugonu
   539 | D:1      | Gained mutation: You regenerate a little health from kills. [demonic ancestry]
   539 | D:1      | Reached XP level 2. HP: 24/24 MP: 3/3
  1437 | D:2      | Reached skill level 1 in Dodging
  1437 | D:2      | Reached XP level 3. HP: 29/29 MP: 5/5
  2013 | D:3      | Reached ** piety under Lugonu
  2081 | D:3      | Reached XP level 4. HP: 35/35 MP: 6/6
  2092 | D:3      | Noticed TugoseryaHuesosov's ghost (amateur KoHu)
  2119 | D:3      | Killed TugoseryaHuesosov's ghost
  2119 | D:3      | Gained mutation: You are partially covered in sharp spines. [demonic ancestry]
  2119 | D:3      | Reached XP level 5. HP: 7/42 MP: 7/7
  3083 | D:4      | Found a staircase to the Ecumenical Temple.
  3083 | D:4      | Noticed Grinder
  3090 | D:4      | Paralysed by Grinder for 2 turns
  3101 | D:4      | Gained mutation: Your spells are a little harder to cast, but a little more powerful. [potion of mutation]
  3101 | D:4      | Gained mutation: You are somewhat resistant to further mutation. [potion of mutation]
  3111 | D:4      | Paralysed by Grinder for 7 turns
  3127 | D:4      | Killed Grinder
  3127 | D:4      | Reached XP level 6. HP: 7/48 MP: 7/9
  3804 | D:4      | Found a hazy altar of Hepliaklqana.
  3894 | D:4      | Noticed Edmund
  3919 | D:4      | Killed Edmund
  3919 | D:4      | Reached XP level 7. HP: 34/54 MP: 10/10
  3988 | D:4      | Noticed harcile's ghost (amateur HuFE)
  3998 | D:4      | Killed harcile's ghost
  4171 | D:4      | Found a basalt altar of Yredelemnul.
  4249 | D:4      | Found a shadowy altar of Dithmenos.
  4631 | D:5      | Entered Level 5 of the Dungeon
  4643 | D:5      | Reached *** piety under Lugonu
  4944 | D:5      | Reached skill level 5 in Armour
  4948 | D:5      | Reached skill level 5 in Invocations
  4948 | D:5      | Gained mutation: You regenerate health from kills. [demonic ancestry]
  4948 | D:5      | Reached XP level 8. HP: 54/60 MP: 11/11
  5017 | D:5      | Reached skill level 5 in Axes
  5027 | D:5      | Found an opulent altar of Gozag.
  5373 | D:5      | Got a warped crystal amulet
  5592 | D:6      | HP: 2/61 [ogre/giant club (5)]
  5598 | D:6      | Lost mutation: Your spells are a little harder to cast, but a little more powerful. [potion of cure mutation]
  5598 | D:6      | Lost mutation: You are somewhat resistant to further mutation. [potion of cure mutation]
  5604 | D:6      | HP: 3/61 [crimson imp (2)]
  6095 | D:6      | Reached XP level 9. HP: 55/67 MP: 13/13
  6224 | D:6      | Noticed Pikel
  6231 | D:6      | Killed Pikel
  6231 | D:6      | Reached **** piety under Lugonu
  6231 | D:6      | Reached skill level 5 in Fighting
  6845 | D:7      | Identified the amulet "Geluubb" {Inacc rPois} (You found it on level 5 of the Dungeon)
  6912 | D:7      | Found a bloodstained altar of Trog.
  7258 | D:7      | Noticed Joseph
  7276 | D:7      | Killed Joseph
  7276 | D:7      | Gained mutation: Your movements are slightly less encumbered by armour. (ER -2) [demonic ancestry]
  7276 | D:7      | Reached XP level 10. HP: 30/74 MP: 15/15
  7737 | D:8      | Noticed a hill giant
  7746 | D:8      | Killed a hill giant
  8001 | D:8      | Found an iron altar of Okawaru.
  8617 | D:8      | Reached ***** piety under Lugonu
  8653 | D:8      | Found a deep blue altar of Sif Muna.
  8906 | D:9      | Noticed a seven-headed hydra
  8908 | D:9      | Banished a seven-headed hydra
  8932 | D:9      | Reached skill level 1 in Shields
  9127 | D:9      | Found a glowing silver altar of Zin.
  9311 | D:9      | Found a flagged portal.
  9324 | Bailey   | Entered a bailey
  9332 | Bailey   | Noticed a deep elf mage
  9352 | Bailey   | Killed a deep elf mage
  9463 | Bailey   | Noticed a deep elf mage
  9464 | Bailey   | Noticed a deep elf mage
  9464 | Bailey   | Noticed a deep elf mage
  9464 | Bailey   | Noticed a deep elf mage
  9465 | Bailey   | Noticed a deep elf mage
  9473 | Bailey   | Noticed a deep elf mage
  9473 | Bailey   | HP: 3/76 [deep elf mage/bolt of lightning (18)]
  9475 | Bailey   | Killed from afar by a deep elf mage

Skill      XL: |  1  2  3  4  5  6  7  8  9 10 |
---------------+-------------------------------+-----
Axes           | 2 3 4 6 7 9 |  9.0
Armour         | 2 3 5 6 7 8 |  8.3
Dodging        | 1 2 3 4 |  4.3
Invocations    | 3 4 5 6 7 9 |  9.1
Fighting       | 4 5 6 |  6.2
Shields        | 1 |  1.1
Throwing       | |  0.6

Action                   |  1- 3 |  4- 6 |  7- 9 | 10-12 || total
-------------------------+-------+-------+-------+-------++-------
Melee: Hand axe          |   126 |    78 |   170 |       ||   374
       War axe           |     5 |    38 |       |       ||    43
       Broad axe         |       |       |    95 |   173 ||   268
Throw: Tomahawk          |       |     5 |       |       ||     5
Invok: Depart the Abyss  |     1 |       |       |       ||     1
       Banish            |       |       |       |     1 ||     1
Evoke: Wand              |       |       |       |     1 ||     1
  Use: Scroll            |     2 |     1 |    12 |     4 ||    19
       Potion            |       |     5 |     5 |     2 ||    12
 Stab: Sleeping          |       |     1 |       |       ||     1
       Invisible         |       |       |     2 |       ||     2
  Eat: Chunk             |     4 |     5 |    11 |     8 ||    28
       Meat ration       |       |       |       |     1 ||     1
Armor: Leather armour    |    66 |    16 |       |       ||    82
       Skin              |       |    11 |       |       ||    11
       Ring mail         |       |    21 |       |       ||    21
       Scale mail        |       |       |   114 |    95 ||   209
       Plate armour      |       |       |       |    35 ||    35
Dodge: Dodged            |    93 |    73 |   134 |   108 ||   408
Block: Buckler           |       |       |    16 |    35 ||    51
